 Dungeon Crawl Stone Soup version 0.28-a0-474-g535839065c (webtiles) character file.

Game seed: 5684858444727008035

439169 robertstho the Sorcerer (level 25, -10/138 HPs)
             Began as a Djinni Fire Elementalist on Sept 14, 2021.
             Was an Initiate of Gozag.
             Mangled by a vault warden (26 damage)
             ... on level 4 of the Vaults on Sept 15, 2021.
             The game lasted 02:42:46 (78386 turns).

robertstho the Sorcerer (Djinni Fire Elementalist) Turns: 78386, Time: 02:42:47

Health: -10/138    AC: 19    Str: 15    XL:     25   Next: 25%
Gold:   9854       EV: 13    Int: 31    God:    Gozag SH:  0 Dex: 15

rFire   + + +      SeeInvis +   V - +8 autumn katana {vorpal, Clar}
rCold   . . .      Faith    .   P - +1 kite shield {rF+}
rNeg    + + .      Spirit   .   y - +1 ring mail of Wu Jian's Wrath {Fly rCorr Int+3 Stlth+}
rPois   ∞          Reflect  +   K - +2 helmet {SInv}
rElec   +          Harm     .   j - +2 cloak
rCorr   +          Rampage  .   p - +2 pair of gloves
Will    +++..      Rage     1%  (boots unavailable) Stlth ++........Clarity +
                                t - amulet of reflection
HPRegen 0.33/turn               E - ring of the Trilobite {rElec rN++ Will+ rCorr Int+2 Dex-5}
MPRegen 0.00/turn               M - ring of the Ancients {Contam rC+ Str+6 Dex+3}

@: confused, ambrosia-drunk, flying, very slightly contaminated, studying 2
skills
A: sickness immunity, fire resistance 2, cold vulnerability 1, float, innate
caster, hp casting, extra vitality 1, berserk 1, robust 1, strong 1
}: 2/15 runes: decaying, serpentine
a: Renounce Religion, Potion Petition, Call Merchant, Bribe Branch


You were on level 4 of the Vaults.
You worshipped Gozag.
Gozag was greatly pleased with you.
You visited 8 branches of the dungeon, and saw 38 of its levels.
You also visited: Trove, Ossuary, Gauntlet, Ice Cave and Volcano.

You collected 17018 gold pieces.
You spent 3312 gold pieces at shops.
You paid 3852 gold pieces to Gozag.

Inventory:

Hand Weapons
 V - the +8 autumn katana (weapon) {vorpal, Clar}
   (You bought it in a shop on level 5 of the Lair of Beasts)

   It inflicts extra damage upon your enemies.
   Clar:      It protects you against confusion.
Armour
 g - a +0 kite shield of cold resistance
 j - a +2 cloak (worn)
 p - a +2 pair of gloves (worn)
 y - the +1 ring mail of Wu Jian's Wrath (worn) {Fly rCorr Int+3 Stlth+}
   (You took it off a kobold brigand on level 5 of the Dungeon)

   Int:       It affects your intelligence (+3).
   Fly:       It grants you flight.
   rCorr:     It protects you from acid and corrosion.
   Stlth:     It makes you more stealthy.
 K - a +2 helmet of see invisible (worn)
 P - a +1 kite shield of fire resistance (worn)
Jewellery
 h - a ring of positive energy
 t - an amulet of reflection (around neck)
 E - the ring of the Trilobite (left hand) {rElec rN++ Will+ rCorr Int+2 Dex-5}
   (You found it in a treasure trove)

   [ring of resist corrosion]

   Int:       It affects your intelligence (+2).
   Dex:       It affects your dexterity (-5).
   rElec:     It insulates you from electricity.
   rN:        It greatly protects you from negative energy.
   rCorr:     It protects you from acid and corrosion.
   Will:      It increases your willpower.
 H - a ring of protection from fire
 L - a ring of protection from cold
 M - the ring of the Ancients (right hand) {Contam rC+ Str+6 Dex+3}
   (You found it in a Gauntlet)

   [ring of strength]

   Str:       It affects your strength (+6).
   Dex:       It affects your dexterity (+3).
   rC:        It protects you from cold.
   Contam:    It causes magical contamination when unequipped.
 O - a ring of see invisible
 R - a ring of protection from cold
 T - a ring of protection from fire
Wands
 u - a wand of paralysis (11)
 I - a wand of acid (34)
 J - a wand of mindburst (16)
 N - a wand of iceblast (59)
Scrolls
 b - 3 scrolls of holy word
 c - 9 scrolls of fear
 e - 15 scrolls of teleportation
 k - 6 scrolls of vulnerability
 m - 7 scrolls of fog
 o - 8 scrolls of enchant weapon
 r - 9 scrolls of enchant armour
 x - 4 scrolls of immolation
 A - 3 scrolls of summoning
 C - 3 scrolls of silence
 D - 2 scrolls of brand weapon
 F - 17 scrolls of identify
 Q - 5 scrolls of magic mapping
Potions
 a - 3 potions of resistance
 f - 3 potions of brilliance
 i - 8 potions of berserk rage
 n - 4 potions of might
 q - 3 potions of invisibility
 s - 5 potions of mutation
 v - 2 potions of ambrosia
 B - 8 potions of haste
 G - 3 potions of cancellation
Miscellaneous
 z - a condenser vane
 U - a phantom mirror


   Skills:
 * Level 15.2 Fighting
 + Level 0.6(4.9) Short Blades
 + Level 7.9 Long Blades
 + Level 0.5(0.9) Axes
 + Level 0.3(0.9) Maces & Flails
 + Level 0.5(1.0) Polearms
 + Level 0.9(1.1) Staves
 + Level 1.0(1.1) Slings
 + Level 0.3 Bows
 + Level 0.5 Crossbows
 + Level 0.3(0.8) Throwing
 * Level 12.2 Armour
 + Level 8.6 Dodging
 + Level 5.6 Stealth
 + Level 9.5 Shields
 + Level 1.9 Unarmed Combat
 * Level 22.8 Spellcasting
 + Level 1.5 Evocations


You couldn't memorise any spells.
You knew the following spells:

 Your Spells              Type           Power      Damage    Failure   Level
a - Foxfire               Conj/Fire      100%       2x1d9     0%          1
b - Scorch                Fire           100%       2d10      0%          2
c - Conjure Flame         Conj/Fire      100%       6-21      0%          3
d - Inner Flame           Hex/Fire       100%       N/A       0%          3
e - Flame Wave            Conj/Fire      100%       3d16      0%          4
f - Magic Dart            Conj           100%       1d8       0%          1
g - Ensorcelled Hibernat  Hex/Ice        100%       N/A       0%          2
h - Searing Ray           Conj           100%       2d8       0%          2
i - Ozocubu's Armour      Ice            100%       N/A       0%          3
j - Metabolic Englaciati  Hex/Ice        54%        N/A       0%          5
k - Borgnjor's Vile Clut  Necr/Erth      54%        N/A       0%          5
l - Summon Cactus Giant   Summ           54%        N/A       1%          6
m - Invisibility          Hex            54%        N/A       1%          6
n - Dragon Form           Tmut           54%        N/A       1%          7
o - Malign Gateway        Summ/Tloc      54%        N/A       1%          7
p - Borgnjor's Revivific  Necr           54%        N/A       1%          8
q - Chain Lightning       Conj/Air       54%        3d72      26%         9
Your spell library was empty.

Dungeon Overview and Level Annotations

Branches:
Dungeon (15/15)            Temple (1/1) D:7            Lair (6/6) D:9
  Swamp (4/4) Lair:4        Snake (4/4) Lair:3        Slime (0/5) Lair:5
    Orc (2/2) D:11            Elf (1/3) Orc:2        Vaults (4/5) D:14
  Crypt (0/3) Vaults:3     Depths (0/5) D:15        Ossuary (visited)
  IceCv (visited)         Volcano (visited)         Gauntlet (visited)

Altars:
Ashenzari
Cheibriados
Dithmenos
Elyvilon
Fedhas
Gozag
Hepliaklqana
Kikubaaqudgha
Makhleb
Nemelex Xobeh
Okawaru
Qazlal
Ru
Sif Muna
Uskayaw
Vehumet
Wu Jian
Zin
The Shining One

Shops:
D:4 [   D:9 ?   D:10 (   Orc:2 ((!(:   Lair:5 (   Snake:1 :==   Snake:2 *
Snake:3 !

Annotations:
D:8 1 runed translucent door
Lair:1 exclusion: oklob plant
Lair:4 2 transporters
Vaults:4 36 runed doors
Vaults:5 Xtahua


Innate Abilities, Weirdness & Mutations

You are immune to sickness and miasma.
You are immune to poison.
Your flesh is very heat resistant. (rF++)
You are vulnerable to cold. (rC-)
You float through the air rather than walking.
You learn spells naturally, not from books.
Your magical power is your life essence.
You have superior vitality. (+4 HP)
You tend to lose your temper in combat.
You are robust. (+10% HP)
Your muscles are strong. (Str +2)


Message History

The shock serpent shoots out a bolt of lightning at you!
The bolt of electricity hits you. You resist.
* * * LOW HITPOINT WARNING * * *
Items here: )) [[.
Unknown command.
You closely miss the shock serpent.
The shock serpent is moderately wounded.
The vault warden is no longer distracted by gold.
The shock serpent misses you.
Your eldritch tentacle barely misses the shock serpent.
Your eldritch tentacle completely misses the shock serpent.
Unknown command.
You slash the shock serpent!
The shock serpent is heavily wounded.
The shock serpent's electric aura discharges, shocking you!
You resist. The shock serpent bites you!
* * * LOW HITPOINT WARNING * * *
The shock serpent shocks you. You resist.
* * * LOW HITPOINT WARNING * * *
You block the vault warden's attack.
Your eldritch tentacle slaps the shock serpent!
The shock serpent's electric aura discharges, shocking your eldritch tentacle!
Your eldritch tentacle completely resists.
Your eldritch tentacle barely misses the shock serpent.
You are confused.
You feel invigorated. The shock serpent barely misses you.
Your eldritch tentacle closely misses the shock serpent. x2
The vault warden closely misses you.
The shock serpent bites you but does no damage.
The shock serpent changes into a fire crab!
Your eldritch tentacle slaps the fire crab!!
Your eldritch tentacle shocks the fire crab!!
The fire crab dies!
The vault warden hits you but does no damage.
Your eldritch tentacle slaps the vault warden!
The vault warden goes berserk!
Your eldritch tentacle misses the vault warden.
The vault warden hits you with a +0 broad axe!!
You die...
Your body crumbles into a pile of gold.

#........... ##########
#...........
.........#############..+++++++++
..###....'...........#..+
.##.##...#...........#..+
##...##..#.....*.....'..+ $
#....Λ##.#..[.│......#..+
....*.─(.#....w)$....#..+
#.....##.#...)[p@....#..+
##...##..#....[[[....#..+
.##.##...#############..+
..###....# #..+++++++++
.........# #...........
########## #........... ########
#########'## #......# #.......#
#....<.# #.......#


You could see a vault warden (berserk, ally target) and a friendly eldritch
tentacle.

Vanquished Creatures
  Vashnia (Snake:4)
  Nikola (Swamp:3)
  A lich (Vaults:5)
  2 tentacled monstrosities (Vaults:5)
  Mlioglotl (Swamp:3)
  2 titans (Vaults:5)
  An ancient champion (Vaults:3)
  Kirke (Snake:4)
  2 sphinxes
  2 thorn hunters
  3 shadow dragons (Vaults:5)
  3 tengu reavers
  3 nagarajas
  A storm dragon (Vaults:5)
  8 vault wardens
  A fire giant (Vaults:5)
  6 ironbound preservers
  5 stone giants
  3 very ugly things
  A war gargoyle (Vaults:4)
  A deep elf demonologist (Vaults:5)
  A bunyip (Swamp:2)
  A bunyip (shapeshifter) (Vaults:5)
  4 eleionomae
  A minotaur (Gauntlet)
  2 deep elf death magi
  6 ettins (Vaults:5)
  2 deep elf high priests
  7 yaktaur captains
  A salamander tyrant (Snake:4)
  2 rakshasas
  16 naga warriors
  3 boulder beetles
  A hell beast (Gauntlet)
  21 vault guards
  3 ironbound thunderhulks
  17 hydras
  4 ironbound frosthearts
  12 anacondas
  2 ogre magi
  A catoblepas (Lair:6)
  3 ghost crabs
  9 alligators
  19 centaur warriors
  6 two-headed ogres
  2 tengu warriors (D:14)
  A vampire mage (Swamp:3)
  A deep troll earth mage (D:13)
  2 ironbound beastmasters (Vaults:1)
  An orc high priest (Elf:1)
  14 naga sharpshooters
  A shock serpent (Snake:4)
  2 hell knights (Vaults:4)
  3 deep elf knights (Elf:1)
  3 spriggan druids
  6 salamander mystics
  2 skeletal warriors (D:13)
  8 naga ritualists
  6 goliath frogs
  5 deep trolls (Vaults:1)
  2 phantasmal warriors
  2 death drakes
  9 swamp dragons
  2 bog bodies
  4 wizards
  7 lindwurms
  3 orc knights
  15 deep elf pyromancers
  8 ironbound convokers
  3 deep elf archers (Elf:1)
  A shining eye (Gauntlet)
  2 orc sorcerers (Orc:1)
  7 deep elf zephyrmancers (Elf:1)
  A faun (shapeshifter) (Vaults:5)
  6 necromancers
  A will-o-the-wisp (Swamp:4)
  8 ugly things
  6 mana vipers
  17 salamanders
  2 oklob plants (Lair:4)
  4 cyclopes
  3 manticores
  2 large abominations (Elf:1)
  3 ice statues (IceCv)
  15 vault sentinels
  A torpor snail (Lair:6)
  14 naga magi
  43 black mambas
  4 guardian serpents
  23 cane toads
  A gargoyle (D:11)
  10 yaktaurs
  2 unseen horrors
  7 komodo dragons
  3 freezing wraiths
  3 rime drakes
  A tengu conjurer (D:14)
  4 trolls
  6 polar bears
  A troll (shapeshifter) (D:15)
  10 tyrant leeches
  3 bloated husks
  A meliai (D:14)
  2 raiju (shapeshifter) (D:14)
  13 hornets
  22 blink frogs
  9 dream sheep (Lair:6)
  7 shadows
  A vampire (D:13)
  25 slime creatures
  2 centaur simulacra
  9 spriggans
  4 wyverns
  A water elemental (D:15)
  41 yaks
  2 dire elephant simulacra (IceCv)
  5 wraiths
  3 steam dragons
  2 golden eyes (Gauntlet)
  6 basilisks
  4 hogs (Snake:4)
  A death yak simulacrum (IceCv)
  21 vampire mosquitoes
  6 wargs
  A harpy simulacrum (D:15)
  15 swamp worms
  2 acid dragons
  51 nagas
  17 water moccasins
  4 swamp drakes
  4 hell hounds (Volcano)
  3 hornet zombies
  39 orc warriors
  2 sky beasts
  An ice beast (D:7)
  8 ogres
  8 boggarts
  6 wolves
  18 centaurs
  An elf zombie (Elf:1)
  2 phantoms (D:4)
  5 kobold brigands
  15 bullfrogs
  12 scorpions
  A glowing shapeshifter simulacrum (Vaults:1)
  A cane toad simulacrum (IceCv)
  3 gnoll sergeants
  2 elephant simulacra (IceCv)
  14 killer bees
  3 electric eels (Lair:6)
  3 wights (D:6)
  4 howler monkeys
  A lava snake (D:14)
  6 centaur zombies
  A gnoll shaman (D:5)
  A bullfrog zombie (D:6)
  A bullfrog skeleton (D:5)
  3 hounds
  3 jellies
  9 orc priests
  4 iguanas (D:5)
  17 orc wizards
  6 hell rats (Lair:6)
  2 wolf simulacra (IceCv)
  A mummy (Ossuary)
  A howler monkey zombie (D:8)
  A howler monkey skeleton (D:7)
  8 adders
  13 gnolls
  A shadow imp (D:7)
  6 white imps
  2 ufetubi
  An adder skeleton (D:5)
  3 worms
  2 dart slugs
  72 orcs
  7 ball pythons
  3 bats (D:1)
  6 endoplasms
  6 giant cockroaches
  5 goblins
  5 hobgoblins
  3 jackals (D:1)
  19 kobolds
  3 frilled lizards
  3 gnoll skeletons (Ossuary)
  7 kobold skeletons (Ossuary)
  15 orc skeletons (Ossuary)
  4 rats
1202 creatures vanquished.

Vanquished Creatures (collateral kills)
  2 golden dragons
  A tentacled monstrosity (Vaults:3)
  4 sphinxes
  2 tengu reavers
  Donald (Vaults:1)
  3 fire giants (Vaults:4)
  2 orc warlords
  4 vault wardens
  3 war gargoyles
  11 ironbound preservers
  2 stone giants
  2 dire elephants
  A deep elf death mage (Elf:1)
  2 crystal guardians
  An eidolon (Vaults:3)
  2 shambling mangroves
  A deep elf high priest (Vaults:3)
  2 great orbs of eyes
  A naga warrior (Snake:1)
  A hydra (Swamp:1)
  5 yaktaur captains
  5 peacekeepers
  2 salamander tyrants
  7 ironbound thunderhulks
  5 centaur warriors
  7 vault guards
  An anaconda (Snake:4)
  An ogre mage (Vaults:3)
  An ironbound frostheart (Vaults:4)
  5 hell knights (Vaults:4)
  3 ironbound beastmasters
  3 deep elf knights (Elf:1)
  A skeletal warrior (D:13)
  A death drake (Vaults:1)
  A shadow wraith (Vaults:3)
  15 deep trolls
  A fire crab (shapeshifter) (Vaults:4)
  A storm dragon skeleton (Vaults:1)
  3 phantasmal warriors
  9 ironbound convokers
  4 wizards
  4 orc knights
  An orb spider (shapeshifter) (D:13)
  2 lindwurms
  2 deep elf archers
  6 deep elf pyromancers
  A mana viper (Snake:4)
  A will-o-the-wisp (Swamp:4)
  8 ugly things
  A human skeleton (Vaults:1)
  12 vault sentinels
  A guardian serpent (Snake:1)
  2 black mambas
  8 yaktaurs
  An elf skeleton (Vaults:1)
  A troll (D:13)
  A hornet (Swamp:4)
  16 slime creatures
  A blink frog (Lair:6)
  4 fire elementals (Volcano)
  A yak (Lair:6)
  A naga (Snake:1)
  A hell hound (Volcano)
  A large abomination (Elf:1)
  4 orc warriors
  A scorpion (shapeshifter) (Vaults:3)
  3 orc priests
  2 orc wizards (Orc:1)
  5 orcs
  A jackal (shapeshifter) (Vaults:3)
  19 foxfires
241 creatures vanquished.

Vanquished Creatures (others)
  60 eldritch tentacles
  A hydra (Swamp:2)
  3 humans (Snake:4)
  2 orcs (Orc:1)
  2788 foxfires
  43 fungi
  176 plants
  2 starspawn tentacles (Swamp:3)
  4 withered plants (Gauntlet)
3079 creatures vanquished.

Grand Total: 4522 creatures vanquished

Notes
Turn   | Place    | Note
-------+----------+-------------------------------------------
     0 | D:1      | robertstho the Djinni Fire Elementalist began the quest for
                  | the Orb.
     0 | D:1      | Reached XP level 1. HP: 15/15 MP: 0/0
   207 | D:1      | Found a faded altar of an unknown god.
   277 | D:1      | Reached XP level 2. HP: 17/21 MP: 0/0
   749 | D:1      | Reached skill level 3 in Spellcasting
   943 | D:1      | Reached XP level 3. HP: 24/25 MP: 0/0
   943 | D:1      | Learned a level 1 spell: Magic Dart
  1796 | D:2      | Found a sacrificial altar of Ru.
  1852 | D:2      | Reached XP level 4. HP: 28/31 MP: 0/0
  2915 | D:3      | Found an iron altar of Okawaru.
  3157 | D:3      | Reached XP level 5. HP: 26/36 MP: 0/0
  3157 | D:3      | Learned a level 2 spell: Ensorcelled Hibernation
  3533 | D:3      | Reached skill level 4 in Spellcasting
  3538 | D:3      | Reached skill level 1 in Fighting
  4064 | D:4      | Noticed a phantom
  4072 | D:4      | Killed a phantom
  4073 | D:4      | Reached XP level 6. HP: 39/42 MP: 0/0
  4095 | D:4      | Noticed an ogre
  4100 | D:4      | Killed an ogre
  4104 | D:4      | Reached skill level 5 in Spellcasting
  4263 | D:4      | Reached XP level 7. HP: 34/47 MP: 0/0
  4263 | D:4      | Learned a level 2 spell: Searing Ray
  4608 | D:4      | Found Xaddiweg's Antique Armour Emporium.
  5144 | D:5      | Entered Level 5 of the Dungeon
  5149 | D:5      | Reached skill level 6 in Spellcasting
  5414 | D:5      | Found a hide-covered altar of Uskayaw.
  5422 | D:5      | Found a snail-covered altar of Cheibriados.
  5425 | D:5      | Identified the +10 hunting sling "Yfahuj" {flame, Int+4}
  5631 | D:5      | Reached XP level 8. HP: 49/55 MP: 0/0
  5940 | D:5      | Reached skill level 7 in Spellcasting
  5982 | D:5      | Noticed a shadow
  5984 | D:5      | Identified the +1 ring mail of Wu Jian's Wrath {Fly rCorr
                  | Int+3 Stlth+}
  5987 | D:5      | Killed a shadow
  6049 | D:5      | Reached XP level 9. HP: 17/61 MP: 0/0
  6049 | D:5      | Learned a level 3 spell: Ozocubu's Armour
  6677 | D:6      | Found a stormy altar of Qazlal.
  6741 | D:6      | Reached skill level 8 in Spellcasting
  7579 | D:7      | Found a sand-covered staircase.
  7584 | Ossuary  | Entered an ossuary
  8298 | D:7      | Reached skill level 9 in Spellcasting
  8523 | D:7      | Identified the +6 whip of Xuxamakhlelu {elec, Int+6 Dex-3}
  8545 | D:7      | Reached skill level 1 in Armour
  8545 | D:7      | Reached XP level 10. HP: 64/69 MP: 0/0
  8664 | D:7      | Found a staircase to the Ecumenical Temple.
  8980 | Temple   | Entered the Ecumenical Temple
  9097 | Temple   | Became a worshipper of Gozag Ym Sagoz the Greedy
  9531 | D:8      | Reached skill level 5 in Fighting
  9696 | D:8      | Found a runed translucent door.
  9698 | D:8      | Found a runed translucent door.
 10146 | D:8      | Reached skill level 10 in Spellcasting
 10236 | D:9      | Noticed a two-headed ogre
 10247 | D:9      | Killed a two-headed ogre
 10263 | D:9      | Reached XP level 11. HP: 25/76 MP: 0/0
 10263 | D:9      | Learned a level 5 spell: Metabolic Englaciation
 10641 | D:9      | HP: 1/76 [komodo dragon (16)]
 10678 | D:9      | Reached skill level 11 in Spellcasting
 11656 | D:9      | Found a staircase to the Lair.
 11709 | D:9      | Bought a scroll of teleportation for 42 gold pieces
 11709 | D:9      | Bought a scroll of fear for 49 gold pieces
 11709 | D:9      | Bought a scroll of fog for 28 gold pieces
 11779 | D:10     | Entered Level 10 of the Dungeon
 12019 | D:10     | Noticed a two-headed ogre
 12033 | D:10     | Killed a two-headed ogre
 12167 | D:10     | Reached skill level 1 in Long Blades
 12354 | D:10     | Found a blossoming altar of Fedhas.
 12486 | D:10     | Noticed a two-headed ogre
 12495 | D:10     | Killed a two-headed ogre
 12496 | D:10     | Reached skill level 1 in Shields
 12849 | D:10     | Found Xoityll's Antique Weapon Shoppe.
 12954 | D:10     | Found a burning altar of Makhleb.
 13167 | D:11     | Noticed a cyclops
 13173 | D:11     | Killed a cyclops
 13174 | D:11     | Reached XP level 12. HP: 32/85 MP: 0/0
 13434 | D:11     | Noticed a two-headed ogre
 13440 | D:11     | Killed a two-headed ogre
 13441 | D:11     | Reached skill level 12 in Spellcasting
 13757 | D:11     | Found an opulent altar of Gozag.
 13775 | D:11     | Found a staircase to the Orcish Mines.
 13786 | D:11     | Reached skill level 5 in Armour
 14077 | D:11     | Noticed a two-headed ogre
 14086 | D:11     | Killed a two-headed ogre
 14808 | D:12     | Found a gate leading to a gauntlet.
 14814 | Gauntlet | Entered a Gauntlet
 14814 | Gauntlet | Found a transporter.
 14823 | Gauntlet | Found a transporter.
 14823 | Gauntlet | Found a transporter.
 14834 | Gauntlet | Found a transporter.
 14837 | Gauntlet | Found a transporter.
 14843 | Gauntlet | Noticed a hell beast
 14846 | Gauntlet | Found a transporter.
 14865 | Gauntlet | Noticed a ghost crab
 14868 | Gauntlet | Found a transporter.
 14880 | Gauntlet | Found a transporter.
 14882 | Gauntlet | Noticed an entropy weaver
 14888 | Gauntlet | Noticed a reaper
 14892 | Gauntlet | Found a transporter.
 14912 | Gauntlet | Found a transporter.
 14925 | Gauntlet | Found a transporter.
 14925 | Gauntlet | Found a transporter.
 14927 | Gauntlet | Noticed a soul eater
 14973 | Gauntlet | Found a transporter.
 14990 | Gauntlet | Found a transporter.
 15400 | Gauntlet | Gained mutation: You sometimes lose the ability to read
                  | scrolls when taking damage. [a shining eye]
 15403 | Gauntlet | Gained mutation: You tend to lose your temper in combat. [a
                  | shining eye]
 15485 | Gauntlet | Killed a hell beast
 15488 | Gauntlet | Identified the ring of the Ancients {Contam rC+ Str+6
                  | Dex+3}
 15723 | Gauntlet | Identified the ring of Xefutoudu {MP+9 Str+3 Int+4 Slay-4}
 15723 | Gauntlet | Noticed a minotaur
 15733 | Gauntlet | Killed a minotaur
 15739 | Gauntlet | Identified the +1 leather armour of the Five Tusks {-Tele
                  | rElec Int+5 Dex+10}
 16060 | D:12     | You are sucked into a shaft and drop 1 floor!
 16062 | D:13     | Noticed a centaur warrior
 16074 | D:13     | Reached XP level 13. HP: 22/92 MP: 0/0
 16074 | D:13     | Learned a level 5 spell: Borgnjor's Vile Clutch
 16076 | D:13     | Killed a centaur warrior
 16409 | D:13     | Noticed a centaur warrior
 16745 | D:12     | Reached skill level 13 in Spellcasting
 17269 | D:9      | Bought a scroll of teleportation for 42 gold pieces
 17269 | D:9      | Bought a scroll of summoning for 133 gold pieces
 17269 | D:9      | Bought a scroll of amnesia for 49 gold pieces
 17269 | D:9      | Bought a scroll of teleportation for 42 gold pieces
 17272 | D:9      | Lost mutation: You sometimes lose the ability to read
                  | scrolls when taking damage. [potion of mutation]
 17272 | D:9      | Lost mutation: You tend to lose your temper in combat.
                  | [potion of mutation]
 17272 | D:9      | Gained mutation: Your spells are a little easier to cast,
                  | but a little less powerful. [potion of mutation]
 17272 | D:9      | Gained mutation: You sometimes lose the ability to read
                  | scrolls when taking damage. [potion of mutation]
 17272 | D:9      | Gained mutation: Your muscles are strong. (Str +2) [potion
                  | of mutation]
 17273 | D:9      | Lost mutation: You sometimes lose the ability to read
                  | scrolls when taking damage. [potion of mutation]
 17273 | D:9      | Lost mutation: Your spells are a little easier to cast, but
                  | a little less powerful. [potion of mutation]
 17273 | D:9      | Gained mutation: You tend to lose your temper in combat.
                  | [potion of mutation]
 17273 | D:9      | Gained mutation: You are robust. (+10% HP) [potion of
                  | mutation]
 17297 | Lair:1   | Entered Level 1 of the Lair of Beasts
 17318 | Lair:1   | Noticed a six-headed hydra
 17326 | Lair:1   | Killed a six-headed hydra
 17489 | Lair:1   | Found an iron altar of Okawaru.
 18011 | Lair:1   | Found a blossoming altar of Fedhas.
 18358 | Lair:2   | Found a frozen archway.
 18383 | IceCv    | Entered an ice cave
 19323 | Lair:2   | Noticed a six-headed hydra
 19333 | Lair:2   | Killed a six-headed hydra
 19723 | Lair:2   | Identified a scroll of acquirement
 19973 | Lair:2   | Noticed an eight-headed hydra
 19979 | Lair:2   | Killed an eight-headed hydra
 20778 | Lair:3   | Reached skill level 14 in Spellcasting
 21036 | Lair:3   | Found a staircase to the Snake Pit.
 21286 | Lair:3   | Reached XP level 14. HP: 99/111 MP: 0/0
 22230 | Lair:3   | Acquired 903 gold pieces
 22233 | Lair:3   | Acquired a +2 helmet of see invisible
 22687 | Lair:4   | Found a staircase to the Swamp.
 23178 | Lair:4   | Found a transporter.
 23180 | Lair:4   | Found a transporter.
 24159 | Lair:5   | Found a staircase to the Slime Pits.
 24961 | Lair:6   | Entered Level 6 of the Lair of Beasts
 24986 | Lair:6   | Reached skill level 15 in Spellcasting
 26686 | Lair:6   | Reached XP level 15. HP: 103/117 MP: 0/0
 26686 | Lair:6   | Learned a level 6 spell: Summon Cactus Giant
 27220 | Lair:6   | Reached skill level 10 in Fighting
 27267 | Lair:6   | Identified the +1 hunting sling of Giedit {freeze, Will+
                  | Dex+3 SInv Stlth-}
 28359 | Lair:5   | Bought the +8 autumn katana {vorpal, Clar} for 1787 gold
                  | pieces
 28359 | Lair:5   | Found the +8 autumn katana {vorpal, Clar}
 28571 | Orc:1    | Entered Level 1 of the Orcish Mines
 29414 | Orc:1    | Reached skill level 16 in Spellcasting
 29634 | Orc:1    | Noticed an orc warlord
 29647 | Orc:1    | Killed an orc warlord
 30195 | Orc:2    | Entered Level 2 of the Orcish Mines
 30807 | Orc:2    | Found a dark tunnel.
 30820 | Volcano  | Entered a volcano
 31710 | Orc:2    | Found Bijoo's Book Boutique.
 31773 | Orc:2    | Found a staircase to the Elven Halls.
 31784 | Orc:2    | Reached skill level 5 in Dodging
 32191 | Orc:2    | Found Orchirokk's Antique Weapon Emporium.
 32192 | Orc:2    | Found Uhykief's Distillery.
 32192 | Orc:2    | Found Qeeps's Weapon Shoppe.
 32238 | Orc:2    | Found Zuherrum's Weapon Shop.
 32242 | Orc:2    | Bought a potion of curing for 42 gold pieces
 32242 | Orc:2    | Bought a potion of haste for 140 gold pieces
 32242 | Orc:2    | Bought a potion of heal wounds for 70 gold pieces
 32242 | Orc:2    | Bought a potion of curing for 42 gold pieces
 32242 | Orc:2    | Bought a potion of cancellation for 112 gold pieces
 32242 | Orc:2    | Bought a potion of heal wounds for 70 gold pieces
 32242 | Orc:2    | Bought a potion of degeneration for 14 gold pieces
 32242 | Orc:2    | Bought a potion of curing for 42 gold pieces
 32242 | Orc:2    | Bought 2 potions of heal wounds for 140 gold pieces
 32542 | Elf:1    | Entered Level 1 of the Elven Halls
 33095 | Elf:1    | Reached XP level 16. HP: 94/125 MP: 0/0
 34180 | Elf:1    | Reached skill level 17 in Spellcasting
 34815 | Elf:1    | HP: 2/123 [deep elf archer/arrow (24)]
 35357 | Snake:1  | Entered Level 1 of the Snake Pit
 37228 | Snake:1  | Found a broken altar of Ashenzari.
 38175 | Snake:1  | Reached XP level 17. HP: 122/133 MP: 0/0
 38175 | Snake:1  | Learned a level 6 spell: Invisibility
 38545 | Snake:1  | Found Matesuic's Book Shoppe.
 38545 | Snake:1  | Found Fiparoxt's Jewellery Shop.
 38546 | Snake:1  | Found Dailimau's Jewellery Shop.
 38957 | Snake:2  | Reached skill level 18 in Spellcasting
 40944 | Snake:2  | Found Coet's General Store.
 43743 | Snake:3  | Acquired 819 gold pieces
 43746 | Snake:3  | Bought a potion of curing for 39 gold pieces
 43746 | Snake:3  | Bought a potion of invisibility for 104 gold pieces
 43746 | Snake:3  | Bought 2 potions of haste for 260 gold pieces
 43746 | Snake:3  | Bought a potion of heal wounds for 65 gold pieces
 43766 | Snake:4  | Entered Level 4 of the Snake Pit
 45245 | Snake:4  | Reached skill level 19 in Spellcasting
 45300 | Snake:4  | Noticed Kirke
 45311 | Snake:4  | Killed Kirke
 45312 | Snake:4  | Reached XP level 18. HP: 116/141 MP: 0/0
 45724 | Snake:4  | Noticed Vashnia
 45745 | Snake:4  | Killed Vashnia
 46542 | Snake:4  | Reached skill level 5 in Shields
 47982 | Snake:4  | Got a serpentine rune of Zot
 48534 | Swamp:1  | Entered Level 1 of the Swamp
 50543 | Swamp:2  | Found a hide-covered altar of Uskayaw.
 51005 | Swamp:2  | Reached skill level 20 in Spellcasting
 51005 | Swamp:2  | Reached XP level 19. HP: 133/149 MP: 0/0
 51005 | Swamp:2  | Learned a level 7 spell: Dragon Form
 51120 | Swamp:2  | You are sucked into a shaft and drop 1 floor!
 52016 | Swamp:3  | Noticed Nikola
 52046 | Swamp:3  | Killed Nikola
 53283 | Swamp:3  | Noticed Mlioglotl
 53294 | Swamp:3  | Noticed a bone dragon
 53897 | Swamp:3  | Killed Mlioglotl
 54429 | Swamp:4  | Entered Level 4 of the Swamp
 56921 | Swamp:4  | Got a decaying rune of Zot
 57827 | D:13     | Found a runed translucent door.
 59002 | D:13     | Found a portal to a secret trove of treasure.
 59850 | D:13     | You paid a toll of +3 gold dragon scales to enter a
                  | treasure trove
 59851 | Trove    | Entered a treasure trove
 59904 | Trove    | Identified the ring of the Trilobite {rElec rN++ Will+
                  | rCorr Int+2 Dex-5}
 59908 | Trove    | Identified the ring "Cesheimn" {Fire Will+ Str+3 Int+3}
 60144 | D:14     | Found a white marble altar of Elyvilon.
 60144 | D:14     | Found a glowing silver altar of Zin.
 60274 | D:14     | Found a glowing golden altar of the Shining One.
 60312 | D:14     | Reached XP level 20. HP: 126/157 MP: 0/0
 60626 | D:14     | Reached skill level 5 in Stealth
 60626 | D:14     | Reached skill level 1 in Unarmed Combat
 60650 | D:14     | Reached skill level 21 in Spellcasting
 60655 | D:14     | Found a gate to the Vaults.
 61167 | D:14     | Reached skill level 1 in Slings
 61167 | D:14     | Reached XP level 21. HP: 162/162 MP: 0/0
 61167 | D:14     | Learned a level 7 spell: Malign Gateway
 61447 | D:15     | Entered Level 15 of the Dungeon
 61487 | D:15     | Found a staircase to the Depths.
 63116 | Vaults:1 | Entered Level 1 of the Vaults
 63148 | Vaults:1 | Reached skill level 5 in Long Blades
 63157 | Vaults:1 | HP: 1/244 [orc warlord/bolt (38)]
 64102 | Vaults:1 | Reached skill level 1 in Evocations
 64102 | Vaults:1 | Reached XP level 22. HP: 171/171 MP: 0/0
 65613 | Vaults:1 | Noticed Donald
 65625 | Vaults:1 | Killed Donald
 65903 | Vaults:1 | Upgraded the game from 0.28-a0-465-ge2dae52223 to
                  | 0.28-a0-474-g535839065c
 66114 | Vaults:1 | You are sucked into a shaft and drop 1 floor!
 67004 | Vaults:2 | Reached XP level 23. HP: 161/179 MP: 0/0
 67004 | Vaults:2 | Learned a level 8 spell: Borgnjor's Revivification
 68073 | Vaults:3 | Reached skill level 10 in Armour
 68472 | Vaults:3 | Found a staircase to the Crypt.
 70278 | Vaults:3 | Noticed a golden dragon
 70302 | Vaults:3 | Killed a golden dragon
 70842 | Vaults:3 | Reached skill level 22 in Spellcasting
 71777 | Vaults:4 | Reached XP level 24. HP: 36/188 MP: 0/0
 73883 | Vaults:4 | Found a huge runed gate.
 73883 | Vaults:4 | Found a huge runed gate.
 73883 | Vaults:4 | Found a huge runed gate.
 73883 | Vaults:4 | Found a huge runed gate.
 73883 | Vaults:4 | Found a huge runed gate.
 73883 | Vaults:4 | Found a huge runed gate.
 73883 | Vaults:4 | Found a huge runed gate.
 73884 | Vaults:4 | Found a huge runed gate.
 73884 | Vaults:4 | Found a huge runed gate.
 73884 | Vaults:4 | Found a huge runed gate.
 73889 | Vaults:4 | Found a huge runed gate.
 73889 | Vaults:4 | Found a huge runed gate.
 73889 | Vaults:4 | Found a huge runed gate.
 73889 | Vaults:4 | Found a huge runed gate.
 73889 | Vaults:4 | Found a huge runed gate.
 73889 | Vaults:4 | Found a huge runed gate.
 73890 | Vaults:4 | Found a huge runed gate.
 73891 | Vaults:4 | Found a huge runed gate.
 73892 | Vaults:4 | Found a huge runed gate.
 73969 | Vaults:4 | Found a huge runed gate.
 73969 | Vaults:4 | Found a huge runed gate.
 73969 | Vaults:4 | Found a huge runed gate.
 73969 | Vaults:4 | Found a huge runed gate.
 73969 | Vaults:4 | Found a huge runed gate.
 73970 | Vaults:4 | Found a huge runed gate.
 73971 | Vaults:4 | Found a huge runed gate.
 73972 | Vaults:4 | Found a huge runed gate.
 73973 | Vaults:4 | Found a huge runed gate.
 73990 | Vaults:4 | Found a huge runed gate.
 73990 | Vaults:4 | Found a huge runed gate.
 73990 | Vaults:4 | Found a huge runed gate.
 73990 | Vaults:4 | Found a huge runed gate.
 73990 | Vaults:4 | Found a huge runed gate.
 73990 | Vaults:4 | Found a huge runed gate.
 73991 | Vaults:4 | Found a huge runed gate.
 73992 | Vaults:4 | Found a huge runed gate.
 76126 | Vaults:5 | Entered Level 5 of the Vaults
 77215 | Vaults:5 | Noticed a golden dragon
 77227 | Vaults:4 | Killed a golden dragon
 77228 | Vaults:4 | Reached skill level 15 in Fighting
 77683 | Vaults:4 | Reached XP level 25. HP: 74/145 MP: 0/0
 77683 | Vaults:4 | Learned a level 9 spell: Chain Lightning
 77981 | Vaults:5 | Noticed Xtahua
 78374 | Vaults:5 | Identified the +2 broad axe "Ujauw" {holy, *Rage rC+ Str+2
                  | Stlth+}
 78383 | Vaults:4 | HP: 5/138 [shock serpent (glowing shapeshifter) (14)]
 78383 | Vaults:4 | HP: 1/138 [shock serpent (glowing shapeshifter) (4)]
 78386 | Vaults:4 | Mangled by a vault warden

Illustrated notes

Levels and vault maps discovered:
D:1:      kennysheep_arrival_seaside, layout_rooms,
          hellmonk_ecumenical_altar_inner_sanctum
D:2:      layout_loops_ring, basic_altar
D:3:      layout_basic, okawaru_gym_becter
D:4:      layout_cave_pods, serial_shops, nicolae_shop_overgrown_old_shop
D:5:      layout_basic, mainiacjoe_overflow_catwalk_spiral, serial_corexii_hall,
          corexii_hall_statues_deadend, chequers_hall_statues_y,
          corexii_hall_statues_i, corexii_hall_statues_i,
          chequers_serial_rivers_small_a, minmay_fractal_squares_diagonal_5
D:6:      layout_basic, mainiacjoe_overflow_cross_hatched, minmay_holes
D:7:      layout_loops_ring, minmay_temple_entry_fiery, enter_ossuary_2,
          minivault_5, hangedman_decor_growths, serial_bayou_crossing
D:8:      lemuel_insect_pit, layout_basic, kennysheep_generic_room_3
D:9:      layout_rooms, erik_lair_dragon, serial_rivers,
          chequers_serial_rivers_large_b, chequers_serial_rivers_small_a,
          chequers_serial_rivers_large_a, chequers_serial_rivers_room_a,
          chequers_serial_rivers_small_a
D:10:     layout_roguey, mainiacjoe_overflow_alcove_1, lightli_temple_of_fire,
          serial_shops, nicolae_lakefront_shop
D:11:     layout_basic, kennysheep_orc_monster_closet_entryway,
          grunt_gozag_statues
D:12:     layout_rooms, gauntlet_entry_generic
D:13:     layout_basic, trove_entry_hex_spiral, small_statue_intersection,
          kennysheep_treasure_room
D:14:     lemuel_flame_loot_2, layout_cave_pools,
          skrybe_vaults_entry_preservation, good_gods_mini_temple
D:15:     grunt_enter_depths_giant_problem, layout_loops_ring, serial_ice,
          serial_ice_o, serial_ice_i, serial_ice_n, serial_ice_d, serial_ice_a
Temple:   regret_index_temple_sphere_string
Lair:1:   layout_regular_city, basic_altar, tgw_fedhas
Lair:2:   layout_regular_city, portal_ice_cave_entry_pillars_2
Lair:3:   layout_regular_city, minmay_snake_entry_guardpost_medium,
          serial_forest, infiniplex_forest_side_room,
          infiniplex_forest_clump_tiny, infiniplex_forest_clump_double,
          infiniplex_forest_corner_2, infiniplex_forest_clump_curved,
          infiniplex_forest_straight_4, infiniplex_forest_zigzag_2,
          infiniplex_forest_corner_1, st_stairs_6
Lair:4:   gammafunk_boulding_lane, layout_cave_pods, skrybe_swamp_entry_bodies,
          minmay_hedge_maze, dpeg_oklob_1, serial_bayou_shore_a
Lair:5:   layout_cave_pods, slime_dummy
Lair:6:   minmay_lair_end_frog_pond, layout_regular_city, serial_bayou_shore_b,
          serial_bayou_shore_b, infiniplex_staircase_pool
Swamp:1:  layout_falls_marsh, nicolae_swamp_well_well_well, swamp_pool2
Swamp:2:  nicolae_swamp_ascending_descending_big, layout_basic_swamp,
          nicolae_swamp_godswood, infiniplex_staircase_pool_2
Swamp:3:  layout_falls_marsh, serial_swamp_ruin, evilmike_swamp_ruin_house_2,
          evilmike_swamp_ruin_house_4, evilmike_swamp_ruin_rubble_2,
          cheibrodos_swamp_pet_leeches, uniq_mlioglotl, uniq_nikola
Swamp:4:  swamp_alternative, layout_basic_swamp
Snake:1:  layout_concentric_octagons, basic_altar, grunt_megastairs_3,
          lemuel_fruit_tree, minmay_shop_grove
Snake:2:  layout_layer_cave, serial_shops, nicolae_take_the_stairs,
          grunt_megastairs_2
Snake:3:  layout_rooms
Snake:4:  johnstein_snake_rune_scales, layout_cave_town, uniq_kirke
Orc:1:    layout_caves
Orc:2:    st_orc_rangers, layout_caves, serial_shops, nicolae_shop_stone,
          nicolae_volcano_entry_hallway
Elf:1:    layout_gridlike, basic_altar, serial_shops, shop,
          minmay_elf_necromancy, elves_outpost_lemuel
Vaults:1: v_alt_pattern_6, ontoclasm_vaults_gateway, vaults_mumra_chevron_long,
          vaults_mumra_hexcomb, grunt_vaults_funnel, vaults_room_door_ring,
          v_alt_pattern_6, vaults_room_hangedman_quadrants,
          nicolae_vaults_little_ls, v_misc_27, ontoclasm_vaults_shuriken,
          layout_vaults_omnicross, uniq_donald
Vaults:2: nicolae_vaults_network_star, vaults_room_door_hall,
          vaults_room_ringed_pool, vaults_room_hallway, v_misc_2,
          nicolae_vaults_alarming, ontoclasm_vaults_ring_small,
          layout_vaults_chaotic_city
Vaults:3: ontoclasm_vaults_chip, nicolae_vaults_network_s, v_misc_13,
          hangedman_vaults_river_flow, minmay_crypt_entry_simple_round,
          ontoclasm_vaults_tryst, dpeg_vaults_pockets_of_resistance,
          v_pattern_1, nicolae_vaults_yaktaur_gun_rack, grunt_vaults_focal,
          v_alt_pattern_5, layout_vaults_ring
Vaults:4: vaults_not_door_vault_due, vaults_mumra_hex, v_rooms_2, v_misc_3,
          v_alt_pattern_4, vaults_dpeg_doors,
          vaults_standard_mumra_enter_the_diamond,
          vaults_standard_mumra_enter_the_diamond, layout_vaults_omnigrid
Vaults:5: serial_shops, uniq_xtahua

Skill      XL: |  1  2  3  4  5  6  7  8  9 10 11 12 13 14 15 16 17 18 19 20 21 22 23 24 |
---------------+-------------------------------------------------------------------------+-----
Spellcasting   | 3 4 5 6 7 9 10 11 12 14 15 16 17 19 20 21 22 | 22.8
Fighting       | 1 2 3 4 6 7 9 10 11 12 13 14 15 | 15.2
Stealth        | 2 3 4 5 |  5.6
Armour         | 1 2 4 5 6 7 8 9 10 12 | 12.2
Long Blades    | 1 2 3 4 5 7 |  7.9
Dodging        | 3 4 5 6 7 8 |  8.6
Shields        | 1 2 3 4 5 6 7 9 |  9.5
Unarmed Combat | 1 |  1.9
Slings         | 1 |  1.0
Evocations     | 1 |  1.5
Short Blades   | |  0.6
Axes           | |  0.5
Maces & Flails | |  0.3
Polearms       | |  0.5
Staves         | |  0.9
Bows           | |  0.3
Crossbows      | |  0.5
Throwing       | |  0.3

Action                   |  1- 3 |  4- 6 |  7- 9 | 10-12 | 13-15 | 16-18 | 19-21 | 22-24 | 25-27 || total
-------------------------+-------+-------+-------+-------+-------+-------+-------+-------+-------++-------
Melee: Long sword        |       |    17 |       |    43 |     1 |       |       |       |       ||    61
       Katana            |       |       |       |       |    29 |    68 |    98 |   140 |     2 ||   337
       Unarmed           |       |       |       |       |       |       |    60 |       |       ||    60
       Bite              |       |       |       |       |       |       |    12 |       |       ||    12
       Tailslap          |       |       |       |       |       |       |    14 |       |       ||    14
       Punch             |       |       |       |       |       |       |     1 |       |       ||     1
 Cast: Foxfire           |    70 |    54 |   233 |   111 |   567 |   328 |   180 |     6 |       ||  1549
       Scorch            |     9 |    21 |    38 |    20 |    60 |    43 |    29 |    12 |       ||   232
       Flame Wave        |       |       |    12 |    51 |    70 |    22 |    24 |    49 |     1 ||   229
       Ozocubu's Armour  |       |       |       |     1 |       |     1 |       |       |       ||     2
       Metabolic Englaci |       |       |       |     4 |    67 |   205 |    72 |     5 |     1 ||   354
       Borgnjor's Vile C |       |       |       |       |   137 |   306 |   142 |    32 |     1 ||   618
       Summon Cactus Gia |       |       |       |       |    14 |    20 |    13 |     5 |       ||    52
       Dragon Form       |       |       |       |       |       |       |    10 |       |       ||    10
       Malign Gateway    |       |       |       |       |       |       |     1 |    59 |     1 ||    61
       Magic Dart        |       |       |       |       |       |       |     1 |       |       ||     1
       Invisibility      |       |       |       |       |       |       |     1 |       |       ||     1
       Borgnjor's Revivi |       |       |       |       |       |       |       |     5 |     1 ||     6
       Chain Lightning   |       |       |       |       |       |       |       |       |     5 ||     5
Invok: Call Merchant     |       |       |       |     1 |     1 |     1 |       |       |       ||     3
       Potion Petition   |       |       |       |       |     2 |     1 |     1 |     2 |       ||     6
 Abil: Breathe Fire      |       |       |       |       |       |       |     8 |       |       ||     8
       End Transformatio |       |       |       |       |       |       |     1 |       |       ||     1
Evoke: Wand              |       |       |       |     1 |       |       |       |       |       ||     1
       Condenser vane    |       |       |       |       |       |       |       |     1 |       ||     1
  Use: Potion            |       |     2 |       |     7 |     5 |    12 |    20 |     4 |     1 ||    51
       Scroll            |       |       |    12 |     6 |     7 |     5 |    12 |     8 |       ||    50
 Stab: Sleeping          |       |     1 |       |     2 |       |       |     5 |     2 |       ||    10
       Distracted        |       |       |       |       |       |     1 |       |       |       ||     1
Armor: Robe              |     1 |     6 |     3 |       |       |       |       |       |       ||    10
       Ring mail         |       |       |     6 |    71 |    45 |    66 |    71 |   136 |    12 ||   407
       Skin              |       |       |       |       |       |       |    35 |       |       ||    35
Dodge: Dodged            |     9 |    32 |    16 |    56 |    61 |    96 |   101 |   138 |    11 ||   520
Block: Other             |       |       |     3 |    28 |       |       |    11 |       |       ||    42
       Kite shield       |       |       |       |    16 |   158 |   184 |   162 |   327 |    22 ||   869
       Reflection        |       |       |       |     2 |    30 |    48 |    22 |    38 |       ||   140

Table legend: (Time is in decaauts)
 A = Elapsed time spent in this place.
 B = Non-inter-level travel time spent in this place.
 C = Inter-level travel time spent in this place.
 D = Time resting spent in this place.
 E = Time spent auto-exploring this place.
 F = Levels seen in this place.
 G = Mean time per level.
                   A        B        C        D        E       F      G
               +--------+--------+--------+--------+--------+-----+--------+
         Total |  78595 |  75272 |   3323 |  11445 |  53385 |  43 | 1827.8 |
       Dungeon |  22347 |  20582 |   1765 |   1663 |  16228 |  15 | 1489.8 |
        Temple |    133 |    117 |     16 |      0 |     95 |   1 |  133.0 |
          Lair |  11067 |  10372 |    695 |    865 |   8475 |   6 | 1844.5 |
         Swamp |   8673 |   8315 |    358 |    784 |   6580 |   4 | 2168.2 |
     Snake Pit |  12853 |  12676 |    177 |   1789 |   9308 |   4 | 3213.2 |
  Orcish Mines |   2876 |   2769 |    107 |    788 |   1409 |   2 | 1438.0 |
   Elven Halls |   2118 |   2088 |     30 |      5 |   1703 |   1 | 2118.0 |
        Vaults |  15323 |  15151 |    172 |   4686 |   7930 |   5 | 3064.6 |
         Trove |     95 |     95 |      0 |      0 |     66 |   1 |   95.0 |
       Ossuary |    416 |    416 |      0 |      0 |    345 |   1 |  416.0 |
      Ice Cave |    815 |    815 |      0 |    309 |    315 |   1 |  815.0 |
       Volcano |    830 |    830 |      0 |     56 |    592 |   1 |  830.0 |
      Gauntlet |   1043 |   1043 |      0 |    500 |    339 |   1 | 1043.0 |
               +--------+--------+--------+--------+--------+-----+--------+

Top non-repeatable levels by time:
Vaults:4: 6223 daAuts
 Snake:4: 4257 daAuts
 Snake:2: 3998 daAuts
Vaults:3: 3797 daAuts
Vaults:1: 3192 daAuts
 Snake:1: 3036 daAuts
  Lair:6: 2823 daAuts
    D:11: 2751 daAuts
 Swamp:3: 2518 daAuts
 Swamp:2: 2511 daAuts
    D:13: 2402 daAuts
 Swamp:4: 2234 daAuts
   Elf:1: 2118 daAuts
     D:9: 2054 daAuts
Vaults:2: 2049 daAuts
